 Dungeon Crawl Stone Soup version 0.22-a0-247-gbddf880 (webtiles) character file.

130636 kuniqs the Blocker (level 16, -11/154 HPs)
             Began as a Deep Dwarf Fighter on Feb 25, 2018.
             Was the Champion of Makhleb.
             Mangled by a spark wasp (14 damage)
             ... while paralysed
             ... on level 2 of the Spider Nest.
             The game lasted 00:43:07 (21956 turns).

kuniqs the Blocker (Deep Dwarf Fighter)            Turns: 21956, Time: 00:43:07

Health: -11/154    AC: 28    Str: 26    XL:     16   Next: 53%
Magic:  9/9        EV:  2    Int:  8    God:    Makhleb [******]
Gold:   586        SH:  0    Dex: 12    Spells: 15/15 levels left

rFire    + . .     SeeInvis +   F - +10 war axe of kuniqs's Sudden Death {vamp, rC+++ MR- SInv Stlth-}
rCold    + + +     Gourm    .   r - +0 large shield
rNeg     + + .     Faith    .   J - +1 plate armour {rF+}
rPois    +         Spirit   .   H - +2 helmet
rElec    .         Reflect  +   (no cloak)
rCorr    +         Harm     .   n - +0 pair of gloves
MR       +....                  O - +0 pair of boots
Stlth    ..........             z - amulet "Osherilaw" {Reflect rPois rN+ Str-2 SH+6 SInv}
HPRegen  0.00/turn              s - ring of resist corrosion
MPRegen  0.11/turn              g - +4 ring of protection

@: paralysed, berserk cooldown, non-regenerating, slowed
A: damage resistance, heal wounds, talons 1, negative energy resistance 1, sense
surroundings 2, no regeneration
a: Heal Wounds, Minor Destruction, Lesser Servant of Makhleb, Major Destruction,
Greater Servant of Makhleb, Renounce Religion


You were on level 2 of the Spider Nest.
You worshipped Makhleb.
Makhleb was exalted by your worship.
You were very hungry.

You visited 5 branches of the dungeon, and saw 27 of its levels.
You also visited: Labyrinth.

You collected 2164 gold pieces.
You spent 1578 gold pieces at shops.

Inventory:

Hand Weapons
 F - the +10 war axe of kuniqs's Sudden Death (weapon) {vamp, rC+++ MR- SInv Stlth-}
   (You found it on level 5 of the Lair of Beasts)

   It inflicts no extra harm, but heals its wielder when it wounds a living foe.
   It renders you almost immune to cold.
   It affects your resistance to hostile enchantments.
   It lets you see invisible.
   It makes you less stealthy.
Missiles
 l - a throwing net (quivered)
Armour
 n - a +0 pair of gloves (worn)
 r - a +0 large shield (worn)
 H - a +2 helmet (worn)
 J - a +1 plate armour of fire resistance (worn)
 O - a +0 pair of boots (worn)
Jewellery
 g - a +4 ring of protection (right hand)
 s - a ring of resist corrosion (left hand)
 z - the amulet "Osherilaw" (around neck) {Reflect rPois rN+ Str-2 SH+6 SInv}
   (You bought it in a shop on level 2 of the Orcish Mines)

   [amulet of reflection]

   It shields you and reflects attacks.
   It affects your strength (-2).
   It protects you from poison.
   It protects you from negative energy.
   It lets you see invisible.
   It affects your SH (+6).
 Q - an uncursed ring of protection from magic
Wands
 a - a wand of acid (19)
 u - a wand of polymorph (6)
 C - a wand of flame (56)
 K - a wand of random effects (36)
 N - a wand of iceblast (4)
Scrolls
 e - 12 scrolls of remove curse {@r2}
 h - 4 scrolls of magic mapping
 i - a scroll of enchant armour
 m - 6 scrolls of fear
 o - 2 scrolls of identify {@r1}
 w - 6 scrolls of teleportation
 x - a scroll of fog
 B - a scroll of holy word
 D - 2 scrolls of immolation
 E - 2 scrolls of blinking
Potions
 b - 2 potions of ambrosia
 c - 5 potions of agility
 d - 2 potions of might
 j - a potion of mutation
 k - 2 potions of resistance
 p - 7 potions of cancellation
 q - a potion of berserk rage
 t - 10 potions of curing {@q1}
 v - 6 potions of haste
 A - a potion of flight
 G - 4 potions of heal wounds
Comestibles
 f - 47 rations


   Skills:
 + Level 12.6 Fighting
 + Level 14.5 Axes
 + Level 14.7 Armour
 + Level 14.3 Dodging
 + Level 14.7 Shields
 - Level 6.0 Invocations


You had 15 spell levels left.
You didn't know any spells.

Dungeon Overview and Level Annotations

Branches:
Dungeon (15/15)            Temple (1/1) D:5            Lair (6/6) D:10
 Shoals (0/4) Lair:3       Spider (3/4) Lair:2        Slime (0/5) Lair:6
    Orc (2/2) D:12            Elf (0/3) Orc:2        Vaults (0/5) D:13
 Depths (0/5) D:15

Altars:
Ashenzari
Cheibriados
Dithmenos
Fedhas
Gozag
Makhleb
Ru
Trog
Vehumet
Wu Jian
Beogh
Jiyva
Lugonu

Shops:
D:4 *   D:11 [   D:13 :   Orc:2 !*[=

Portals:
Trove: D:15 (give +3 shadow dragon scales)


Innate Abilities, Weirdness & Mutations

You are resistant to damage.
You can heal yourself by infusing magical energy.
You resist negative energy. (rN+)
You passively map the area around you.
You do not regenerate.
You have sharp toenails.


Message History

You barely miss the spark wasp. The spark wasp stings you.
The spark wasp shocks you!
Your shield and plate armour prevent you from hitting the spark wasp.
You block the spark wasp's attack.
Lightning arcs down from a storm cloud!
You slice the spark wasp!!
You are no longer berserk.
You pass out from exhaustion.
You feel yourself slow down. The spark wasp stings you!
* * * LOW HITPOINT WARNING * * *
The spark wasp shocks you!
* * * LOW HITPOINT WARNING * * *
The spark wasp stings you!
* * * LOW HITPOINT WARNING * * *
The spark wasp shocks you!
* * * LOW HITPOINT WARNING * * *
The spark wasp stings you but does no damage. x3
The spark wasp barely misses you. The spark wasp stings you!
* * * LOW HITPOINT WARNING * * *
The spark wasp shocks you!
You die...

####...######............#...#≈≈
### #.....###.>................≈≈
..####.....###......#..###...!...
...# #.......####^..#....##.^....
...# #.#.....####.........####...
..####.####....##§..........#....
....#..####..^####).........#....
...###..##^....##[.........##....
........##......@y...............
..[.....######...................
.......## #.#..................#
......######≈≈..^......[........#
......^#...#≈≈...............#..^
...........#≈≈...................
....#.^...###......^....#........
......##..#......................
#.........^..........†.†.#.......


You could see a spark wasp.

Vanquished Creatures
  Saint Roka (Orc:2)
  Bai Suzhen (Spider:2)
  The ghost of CLM the End of an Era, a journeyman DsFi of Qazlal (Spider:1)
  A ghost moth (Spider:1)
  An entropy weaver (Spider:1)
  A spark wasp (Spider:2)
  An ettin (Orc:1)
  A fire dragon (Lair:6)
  3 ogre magi
  A vault guard (D:13)
  4 hydras
  2 catoblepae
  2 centaur warriors
  A death knight (D:15)
  The ghost of Amnesiac the Prestidigitator, a novice DDAr of Gozag (Orc:2)
  7 death yaks
  14 two-headed ogres
  3 tengu warriors (D:13)
  A queen ant (D:8)
  4 orc high priests (Orc:2)
  3 skeletal warriors
  5 unseen horrors
  A swamp dragon (Lair:6)
  A wolf spider zombie (D:15)
  A deep elf mage (D:15)
  A phantasmal warrior (D:15)
  8 orc knights
  9 wolf spiders
  13 ugly things
  4 cyclopes
  8 orb spiders
  9 orc sorcerers
  3 manticores
  A guardian serpent (shapeshifter) (D:15)
  2 black mambas
  2 elephants (Lair:5)
  A naga mage (D:15)
  A gargoyle (D:12)
  A torpor snail (Lair:6)
  13 spiny frogs
  4 centaur skeletons
  2 rime drakes
  2 efreet (D:15)
  9 komodo dragons
  6 demonic crawlers
  A minotaur skeleton (Lab)
  8 trolls
  A polar bear (Lair:6)
  17 jumping spiders
  5 hornets
  A slime creature (D:13)
  7 blink frogs
  10 hippogriffs
  3 shadows
  27 redbacks
  3 vampires
  10 wyverns
  Eustachio (D:5)
  3 water elementals (D:14)
  36 yaks
  17 tarantellas
  6 wraiths
  2 steam dragons
  4 vampire mosquitoes
  3 basilisks
  A hungry ghost (D:14)
  5 wargs (Orc:2)
  18 soldier ants
  The ghost of Amnesiac the Charlatan, an amateur DEAr (D:4)
  5 acid dragons
  7 water moccasins
  5 porcupines
  39 orc warriors
  4 sky beasts
  Purgy (D:4)
  3 swamp drakes
  2 black bears
  4 ice beasts
  2 phantoms
  24 wolves
  13 ogres
  16 centaurs
  13 crocodiles
  2 big kobolds
  A wyvern zombie (D:10)
  10 bullfrogs
  6 scorpions
  8 killer bees
  6 electric eels
  4 howler monkeys
  4 crimson imps
  2 bullfrog skeletons
  A centaur zombie (D:8)
  A gnoll shaman (D:9)
  2 jellies
  A bullfrog zombie (D:13)
  30 orc priests
  7 hounds
  20 orc wizards
  Natasha (D:3)
  13 iguanas
  Ijyb (D:3)
  46 worker ants
  6 small abominations (D:8)
  An ogre skeleton (Lab)
  A worker ant zombie (D:7)
  11 gnolls
  13 adders
  A howler monkey skeleton (D:11)
  5 shadow imps
  4 oozes
  2 adder zombies
  3 worms
  3 dart slugs
  3 leopard geckos
  113 orcs
  2 ball pythons
  6 giant cockroaches
  16 goblins
  14 hobgoblins
  13 jackals
  2 quokkas
  7 bats
  5 frilled lizards
  9 kobolds
  A leopard gecko zombie (D:5)
  A quokka skeleton (D:4)
  10 rats
  2 plants
909 creatures vanquished.

Vanquished Creatures (collateral kills)
  The ghost of 4thArraOfDagon the Cleaver, a journeyman DgSu (Lair:6)
  A minotaur (Lab)
  2 hydras
  An ugly thing (D:8)
  An elephant (Lair:5)
  A komodo dragon (Lair:5)
  An acid dragon (Lair:6)
  A porcupine (Lair:5)
  A small abomination (D:8)
10 creatures vanquished.

Vanquished Creatures (others)
  A demonic crawler (Spider:3)
  2 centaurs
  A leopard gecko (D:10)
  An orc (Orc:2)
  4 fungi
  11 plants
20 creatures vanquished.

Grand Total: 939 creatures vanquished

Notes
Turn   | Place    | Note
-------+----------+-------------------------------------------
     0 | D:1      | kuniqs the Deep Dwarf Fighter began the quest for the Orb.
     0 | D:1      | Reached XP level 1. HP: 20/20 MP: 1/1
    79 | D:1      | Reached XP level 2. HP: 20/27 MP: 2/2
   152 | D:1      | Reached skill level 1 in Dodging
   202 | D:1      | Reached XP level 3. HP: 29/33 MP: 3/3
   961 | D:2      | Reached XP level 4. HP: 35/42 MP: 4/4
  1141 | D:2      | Found a bloodstained altar of Trog.
  1581 | D:3      | Noticed Ijyb
  1600 | D:3      | Killed Ijyb
  1600 | D:3      | Reached XP level 5. HP: 30/49 MP: 5/5
  2052 | D:3      | Noticed Natasha
  2062 | D:3      | Killed Natasha
  2127 | D:3      | Found a shattered altar of Ashenzari.
  2131 | D:3      | Saw a vision of the Shoals and the Spider Nest.
  2131 | D:3      | Noticed a wolf spider
  2131 | D:3      | Noticed a wolf spider
  2131 | D:3      | Noticed a redback
  2131 | D:3      | Noticed a hornet
  2131 | D:3      | Noticed a hornet
  2131 | D:3      | Noticed a sea snake
  2131 | D:3      | Noticed a sea snake
  2131 | D:3      | Noticed a sea snake
  2131 | D:3      | Noticed a sea snake
  2131 | D:3      | Noticed a merfolk
  2131 | D:3      | Noticed a merfolk
  2133 | D:3      | Noticed a centaur
  2474 | D:4      | Reached XP level 6. HP: 44/56 MP: 6/6
  2530 | D:4      | Noticed Purgy
  2561 | D:4      | Killed Purgy
  2689 | D:4      | Found Rymmiak's General Store.
  2692 | D:4      | Bought a scroll of fear for 35 gold pieces
  2725 | D:4      | Noticed Amnesiac's ghost (amateur DEAr)
  2774 | D:5      | Entered Level 5 of the Dungeon
  2800 | D:5      | Reached XP level 7. HP: 63/64 MP: 6/6
  2803 | D:5      | Found a staircase to the Ecumenical Temple.
  2826 | D:5      | Reached skill level 5 in Armour
  2832 | Temple   | Entered the Ecumenical Temple
  2843 | Temple   | Became a worshipper of Makhleb the Destroyer
  2892 | D:5      | Reached skill level 5 in Shields
  2921 | D:5      | Got a crystal falchion
  2922 | D:5      | Identified the +9 falchion "Feasoik" {slice, Fragile +Inv rElec Stlth+} (You found it on level 5 of the Dungeon)
  2960 | D:5      | Noticed Eustachio
  2970 | D:5      | Killed Eustachio
  2970 | D:5      | Reached skill level 1 in Invocations
  2994 | D:5      | Noticed Prince Ribbit
  3188 | D:5      | Reached XP level 8. HP: 53/73 MP: 7/7
  3436 | D:5      | Noticed Prince Ribbit
  3436 | D:5      | Prince Ribbit changed into Prince Ribbit the soldier ant
  3447 | D:5      | Killed Prince Ribbit the soldier ant
  3447 | D:5      | Reached skill level 5 in Axes
  3962 | D:6      | Reached * piety under Makhleb
  4224 | D:7      | Reached skill level 5 in Fighting
  4224 | D:7      | Reached skill level 5 in Dodging
  4361 | D:7      | Gained mutation: You passively map the area around you. [Deep Dwarf growth]
  4361 | D:7      | Reached XP level 9. HP: 75/81 MP: 9/9
  4648 | D:8      | Reached skill level 5 in Invocations
  4650 | D:8      | Found a corrupted altar of Lugonu.
  5128 | D:8      | Reached ** piety under Makhleb
  5203 | D:8      | Noticed a queen ant
  5231 | D:8      | Killed a queen ant
  5231 | D:8      | Reached XP level 10. HP: 91/91 MP: 11/11
  5368 | D:8      | Reached *** piety under Makhleb
  5463 | D:8      | Found a transporter.
  5535 | D:8      | Noticed a white ugly thing
  5535 | D:8      | Noticed a green ugly thing
  5536 | D:8      | Noticed a red ugly thing
  5550 | D:8      | Killed a red ugly thing
  5557 | D:8      | Killed a white ugly thing
  5562 | D:8      | Killed a white ugly thing
  5595 | D:8      | Found a transporter.
  5605 | D:8      | Noticed a purple ugly thing
  5616 | D:8      | Killed a purple ugly thing
  6085 | D:9      | You fall through a shaft for 2 floors!
  6093 | D:10     | Entered Level 10 of the Dungeon
  6193 | D:9      | Reached XP level 11. HP: 94/100 MP: 11/11
  6598 | D:9      | Found an ornate altar of the Wu Jian Council.
  6652 | D:10     | Found a staircase to the Lair.
  6653 | D:10     | Noticed a death yak
  6653 | D:10     | Noticed a two-headed ogre
  6654 | D:10     | Noticed a death yak
  6655 | D:10     | Noticed a death yak
  6655 | D:10     | Noticed a death yak
  6656 | D:10     | Noticed a death yak
  6658 | D:10     | Killed a two-headed ogre
  6683 | D:10     | Killed a death yak
  6705 | D:10     | Killed a death yak
  6717 | D:10     | Killed a death yak
  6739 | D:10     | Killed a death yak
  6757 | D:10     | Killed a death yak
  6795 | D:10     | Reached **** piety under Makhleb
  6880 | D:10     | Noticed Sonja
  6881 | D:10     | Noticed Sonja
  6881 | D:10     | Sonja changed into Sonja the soldier ant
  6894 | D:10     | Killed Sonja the soldier ant
  6935 | D:10     | Found the +5 scythe "Finisher" {speed, Str+3}
  7208 | D:10     | Reached skill level 10 in Armour
  7548 | Lair:1   | Entered Level 1 of the Lair of Beasts
  7562 | Lair:1   | Reached skill level 10 in Shields
  7566 | Lair:1   | Reached XP level 12. HP: 83/112 MP: 10/10
  7792 | Lair:1   | Reached ***** piety under Makhleb
  8054 | Lair:1   | Noticed a seven-headed hydra
  8132 | Lair:2   | Found a hole to the Spider Nest.
  8147 | Lair:2   | Reached skill level 10 in Axes
  8897 | Lair:3   | Found a staircase to the Shoals.
  8988 | Lair:3   | Reached skill level 10 in Dodging
  9086 | Lair:3   | Noticed a six-headed hydra
  9106 | Lair:3   | Killed a six-headed hydra
  9200 | Lair:3   | Got a warped plate armour
  9211 | Lair:3   | Identified the +1 plate armour of Bitterness {*Drain +Inv rElec Str+3} (You found it on level 3 of the Lair of Beasts)
  9978 | Lair:4   | Reached XP level 13. HP: 81/121 MP: 11/11
 10273 | Lair:5   | Identified a scroll of acquirement
 10559 | Lair:5   | Got a bloodstained war axe
 10882 | Lair:6   | Entered Level 6 of the Lair of Beasts
 10893 | Lair:6   | Noticed 4thArraOfDagon's ghost (journeyman DgSu)
 11077 | Lair:6   | Found a labyrinth entrance.
 11099 | Lab      | Entered a labyrinth
 11432 | Lab      | Noticed a minotaur
 11449 | Lab      | Killed a minotaur
 11459 | Lab      | Identified the Guide on Clay
 11487 | Lair:6   | Reached skill level 10 in Fighting
 11488 | Lair:6   | Found a viscous altar of Jiyva.
 11488 | Lair:6   | Found a staircase to the Slime Pits.
 11577 | Lair:6   | Killed 4thArraOfDagon's ghost
 12159 | Lair:6   | Identified the +10 war axe of kuniqs's Sudden Death {vamp, rC+++ MR- SInv Stlth-} (You found it on level 5 of the Lair of Beasts)
 12183 | Lair:6   | Noticed a fire dragon
 12198 | Lair:6   | Killed a fire dragon
 12478 | Lair:1   | Got a steaming cloak
 12484 | Lair:1   | Identified the +0 cloak of a Thousand Songs {*Slow rPois Regen+ Int-4} (You acquired it on level 1 of the Lair of Beasts)
 13114 | D:4      | Killed Amnesiac's ghost
 13587 | D:11     | Paralysed by a hornet for 2 turns
 13749 | D:11     | Found Celemod's Antique Armour Emporium.
 14031 | D:11     | Reached ****** piety under Makhleb
 14031 | D:11     | Gained mutation: You resist negative energy. (rN+) [Deep Dwarf growth]
 14031 | D:11     | Reached XP level 14. HP: 133/133 MP: 10/10
 14265 | D:12     | Got a translucent scale mail
 14284 | D:12     | Identified the +1 scale mail "Osky" {MR+ Str+7 Int+3} (You acquired it on level 12 of the Dungeon)
 14451 | D:12     | Paralysed by a hornet for 1 turns
 14665 | D:12     | Found a staircase to the Orcish Mines.
 14972 | Orc:1    | Entered Level 1 of the Orcish Mines
 15360 | Orc:2    | Entered Level 2 of the Orcish Mines
 15834 | Orc:2    | Found a roughly hewn altar of Beogh.
 15891 | Orc:2    | Paralysed by an orc sorcerer for 2 turns
 15956 | Orc:2    | Found Ufrezid's Jewellery Boutique.
 15982 | Orc:2    | Found Datadgh's Antique Armour Shop.
 16058 | Orc:2    | Noticed Amnesiac's ghost (novice DDAr)
 16083 | Orc:2    | Killed Amnesiac's ghost
 16347 | Orc:2    | Found a staircase to the Elven Halls.
 16464 | Orc:2    | Noticed Saint Roka
 16538 | Orc:2    | Found a roughly hewn altar of Beogh.
 16572 | Orc:2    | Killed Saint Roka
 16586 | Orc:2    | Found Guer's General Store.
 16590 | Orc:2    | Gained mutation: You are dopey. (Int -2) [a neqoxec]
 16590 | Orc:2    | Gained mutation: You tend to lose your temper in combat. [a neqoxec]
 16600 | Orc:2    | Lost mutation: You tend to lose your temper in combat. [potion of mutation]
 16600 | Orc:2    | Lost mutation: You are dopey. (Int -2) [potion of mutation]
 16600 | Orc:2    | Gained mutation: You occasionally shout uncontrollably at your foes. [potion of mutation]
 16600 | Orc:2    | Gained mutation: Armour fits poorly on your strangely shaped body. [potion of mutation]
 16600 | Orc:2    | Gained mutation: You sometimes yell uncontrollably at your foes. [potion of mutation]
 16600 | Orc:2    | Gained mutation: Your muscles are strong. (Str +2) [potion of mutation]
 16601 | Orc:2    | Lost mutation: Armour fits poorly on your strangely shaped body. [potion of mutation]
 16601 | Orc:2    | Lost mutation: Your muscles are strong. (Str +2) [potion of mutation]
 16601 | Orc:2    | Lost mutation: You sometimes yell uncontrollably at your foes. [potion of mutation]
 16601 | Orc:2    | Lost mutation: You occasionally shout uncontrollably at your foes. [potion of mutation]
 16601 | Orc:2    | Gained mutation: Your body sometimes deteriorates upon taking damage. [potion of mutation]
 16601 | Orc:2    | Lost mutation: Your body sometimes deteriorates upon taking damage. [potion of mutation]
 16601 | Orc:2    | Gained mutation: You have sharp toenails. [potion of mutation]
 16641 | Orc:2    | Found Joetet's Distillery.
 16821 | Orc:2    | Reached XP level 15. HP: 142/142 MP: 8/8
 17366 | Orc:2    | Bought a +4 ring of protection for 432 gold pieces
 17366 | Orc:2    | Bought the amulet "Osherilaw" {Reflect rPois rN+ Str-2 SH+6 SInv} for 886 gold pieces
 17381 | Orc:2    | Bought a pair of glowing gloves for 225 gold pieces
 17813 | D:13     | Paralysed by an ogre mage for 7 turns
 17845 | D:13     | Found a gate to the Vaults.
 18114 | D:13     | Found Roeghac's Book Emporium.
 19049 | D:15     | Entered Level 15 of the Dungeon
 19200 | D:15     | Found a portal to a secret trove of treasure.
 19856 | D:15     | Paralysed by an orc sorcerer for 4 turns
 19875 | D:15     | Found a staircase to the Depths.
 20100 | Spider:1 | Entered Level 1 of the Spider Nest
 20715 | Spider:1 | Reached XP level 16. HP: 152/152 MP: 9/9
 20777 | Spider:1 | Noticed CLM's ghost (journeyman DsFi)
 20801 | Spider:1 | Killed CLM's ghost
 21673 | Spider:2 | Identified the +3 ring mail of Vugexan {rPois rC+++ rCorr Slay-4} (You found it on level 2 of the Spider Nest)
 21892 | Spider:3 | Noticed Bai Suzhen
 21949 | Spider:2 | Killed Bai Suzhen
 21953 | Spider:2 | HP: 7/154 [spark wasp (14)]
 21956 | Spider:2 | HP: 3/154 [spark wasp (4)]
 21956 | Spider:2 | Mangled by a spark wasp

Vault maps used:
D:1:      scummos_arrival_hexagon, st_stairs_7
D:2:      trog_three_pillars_becter
D:3:      first_ration, grunt_ashenzari_visionary, uniq_ijyb, uniq_natasha
D:4:      serial_shops, nicolae_shop_behind_doors, uniq_purgy
D:5:      minmay_temple_entry_hall, grunt_ministairs_3, st_stairs_11,
          dk_rats_in_the_wall, uniq_eustachio, uniq_prince_ribbit1
D:8:      gammafunk_corrupted_shrine, zaba_anthell
D:9:      kennysheep_blocky_hall, lemuel_doored_altar
D:10:     dpeg_lair_monsters, minmay_guarded_unrand_finisher, uniq_sonja
D:11:     serial_shops, shop, hangedman_pestilent_swarm, evilmike_minifort
D:12:     orc_0_dummy
D:13:     david_vaults_5, serial_shops, shop, minmay_misc_feat_enclosed,
          minmay_misc_feat_room
D:14:     serial_park_tiny_1
D:15:     grunt_enter_depths_magical_seal, enter_trove_2,
          minmay_stone_trees_medium, grunt_ministairs_9
Temple:   nicolae_temple_the_god_donut
Lair:1:   beast_lair_carwin_large_4, hibernation_bobbens, lemuel_fruit_fields
Lair:2:   nicolae_spider_entry_non_spiders, minivault_26
Lair:3:   shoals_dummy_entry
Lair:4:   beast_lair_carwin_11, grunt_megastairs_1
Lair:5:   serial_bayou_lake_a
Lair:6:   guppyfry_lair_end_dragon, slime_altar_1, lab_entry_generic
Spider:2: nicolae_spider_webbed_stairs
Spider:3: nicolae_spider_circle_web, spiders_nest_spider_trap, uniq_bai_suzhen
Orc:2:    pubby_orc_utopia
Lab:      nicolae_lab_dead_adventurers, labyrinth_baited_teleportation_trap,
          nicolae_lab_statue, nicolae_lab_lava

Skill      XL: |  1  2  3  4  5  6  7  8  9 10 11 12 13 14 15 16 |
---------------+-------------------------------------------------+-----
Dodging        | 1 2 3 4 5 6 7 9 10 11 12 13 14 | 14.3
Fighting       | 3 4 5 6 7 8 9 10 11 12 | 12.6
Axes           | 3 4 5 7 8 9 10 12 13 14 | 14.5
Armour         | 4 5 6 7 8 10 11 12 13 14 | 14.7
Shields        | 4 5 6 7 8 10 11 12 13 14 | 14.7
Invocations    | 2 4 6 |  6.0

Action                   |  1- 3 |  4- 6 |  7- 9 | 10-12 | 13-15 | 16-18 || total
-------------------------+-------+-------+-------+-------+-------+-------++-------
Melee: War axe           |    84 |       |       |       |  1266 |   259 ||  1609
       Dagger            |    38 |   280 |    27 |       |       |       ||   345
       Unarmed           |       |     6 |       |       |       |       ||     6
       Falchion          |       |       |   296 |   886 |   359 |       ||  1541
Invok: Lesser Servant of |       |       |       |     2 |    10 |       ||    12
 Abil: Heal Wounds       |     1 |     3 |     4 |    10 |    17 |       ||    35
Evoke: Wand              |       |       |     3 |    11 |    16 |     4 ||    34
  Use: Scroll            |       |     5 |     7 |    14 |    16 |     2 ||    44
       Potion            |       |       |     1 |       |     4 |     3 ||     8
 Stab: Distracted        |       |       |       |       |     3 |       ||     3
       Petrified         |       |       |       |       |     7 |       ||     7
  Eat: Chunk             |       |     7 |     9 |    33 |    35 |     4 ||    88
Armor: Scale mail        |    59 |   118 |     4 |       |       |       ||   181
       Skin              |       |     2 |       |       |       |       ||     2
       Plate armour      |       |       |   138 |   583 |   670 |   287 ||  1678
Dodge: Dodged            |    37 |    76 |    96 |   430 |   451 |   167 ||  1257
Block: Shield            |    60 |     7 |       |       |       |       ||    67
       Large shield      |       |   255 |   339 |  1298 |  1735 |   511 ||  4138
       Reflection        |       |       |       |       |    47 |       ||    47
       Rpst.: Falchion   |       |       |    26 |   132 |    34 |       ||   192

Table legend:
 A = Spawn XP
 B = Non-spawn XP
 C = Spawn XP percentage of total XP
 D = Spawn monster count
 E = Non-spawn monster count
 F = Spawn count percentage of total count
 G = Total turns spent on level
                    A         B        C        D         E        F      G
               +---------+---------+-------+---------+---------+-------+---------
         Total |       0 |  186623 |   0.0 |       0 |     920 |   0.0 | 21956
               +---------+---------+-------+---------+---------+-------+---------
           D:1 |       0 |      64 |   0.0 |       0 |      31 |   0.0 |   779
           D:2 |       0 |      88 |   0.0 |       0 |      24 |   0.0 |   708
           D:3 |       0 |     186 |   0.0 |       0 |      38 |   0.0 |   920
           D:4 |       0 |     532 |   0.0 |       0 |      14 |   0.0 |   687
           D:5 |       0 |     936 |   0.0 |       0 |      26 |   0.0 |   776
           D:6 |       0 |     351 |   0.0 |       0 |       8 |   0.0 |   642
           D:7 |       0 |    1327 |   0.0 |       0 |      15 |   0.0 |   488
           D:8 |       0 |    6939 |   0.0 |       0 |      68 |   0.0 |  1279
           D:9 |       0 |     984 |   0.0 |       0 |      17 |   0.0 |   733
          D:10 |       0 |   10071 |   0.0 |       0 |      45 |   0.0 |  1068
          D:11 |       0 |    6843 |   0.0 |       0 |      40 |   0.0 |   781
          D:12 |       0 |    6353 |   0.0 |       0 |      26 |   0.0 |   749
          D:13 |       0 |   12369 |   0.0 |       0 |      36 |   0.0 |   735
          D:14 |       0 |    7253 |   0.0 |       0 |      34 |   0.0 |   910
          D:15 |       0 |   22697 |   0.0 |       0 |      43 |   0.0 |   881
        Lair:1 |       0 |    5181 |   0.0 |       0 |      30 |   0.0 |  1103
        Lair:2 |       0 |     616 |   0.0 |       0 |       9 |   0.0 |   734
        Lair:3 |       0 |    4855 |   0.0 |       0 |      23 |   0.0 |   650
        Lair:4 |       0 |    9118 |   0.0 |       0 |      41 |   0.0 |   873
        Lair:5 |       0 |    4567 |   0.0 |       0 |      15 |   0.0 |   684
        Lair:6 |       0 |   13130 |   0.0 |       0 |      48 |   0.0 |  1019
      Spider:1 |       0 |   12655 |   0.0 |       0 |      25 |   0.0 |  1180
      Spider:2 |       0 |   24988 |   0.0 |       0 |      64 |   0.0 |   659
      Spider:3 |       0 |     623 |   0.0 |       0 |       2 |   0.0 |    17
         Orc:1 |       0 |    5949 |   0.0 |       0 |      45 |   0.0 |   625
         Orc:2 |       0 |   26737 |   0.0 |       0 |     150 |   0.0 |  1880
           Lab |       0 |    1211 |   0.0 |       0 |       3 |   0.0 |   373
               +---------+---------+-------+---------+---------+-------+---------
